 Dungeon Crawl Stone Soup version 0.19-a0-997-gd62de01 (webtiles) character file.

1191 AlphabetPasta the Sneak (level 8, 0/62 HPs)
             Began as a Deep Dwarf Enchanter on July 16, 2016.
             Slain by a black bear (4 damage)
             ... on level 6 of the Dungeon on July 17, 2016.
             The game lasted 00:37:37 (5847 turns).

AlphabetPasta the Sneak (Deep Dwarf Enchanter)      Turns: 5847, Time: 00:37:38

Health: 0/62       AC:  4    Str: 10 (13) XL:     8   Next: 20%
Magic:  13/13      EV: 14    Int: 15 (16) God:
Gold:   142        SH:  0    Dex: 13 (14) Spells: 4 memorised, 4 levels left

rFire  . . .     SeeInvis .     a - +3 dagger (freeze)
rCold  . . .     Gourm    .     E - +1 robe
rNeg   . . .     Faith    .     (no shield)
rPois  .         Spirit   .     n - +0 helmet
rElec  .         Dismiss  .     (no cloak)
rCorr  .         Reflect  .     (no gloves)
SustAt .         Harm     .     (no boots)
MR     +....                    (no amulet)
Stlth  +++.......               (no ring)
                                (no ring)

@: non-regenerating, drained, somewhat resistant to hostile enchantments, fairly
stealthy
A: damage resistance, recharge devices, sense surroundings 1, slow regeneration
3
a: Device Recharging


You were on level 6 of the Dungeon.
You were hungry.

You visited 1 branch of the dungeon, and saw 6 of its levels.

You collected 142 gold pieces.

Inventory:

Hand Weapons
 a - a +3 dagger of freezing (weapon)
 b - a +0 rapier
 i - a +0 long sword
Missiles
 h - 56 poisoned needles
Armour
 n - a +0 helmet (worn)
 E - a +1 robe (worn)
Rods
 G - a +3 rod of shadows (12/12)
   (You found it on level 4 of the Dungeon)
Jewellery
 e - an uncursed ring of protection from fire {unknown}
 y - an uncursed ring of see invisible {unknown}
 J - an uncursed ring of see invisible {unknown}
Wands
 d - a wand of heal wounds (3/9)
 f - a wand of random effects (11/48)
 m - a wand of flame (4/48)
 F - a wand of lightning (0/15)
 I - a wand of flame (21/48)
Scrolls
 q - 2 scrolls of recharging
 s - a scroll of fear
 v - 2 scrolls of amnesia
Potions
 g - 2 potions of berserk rage
 j - a potion of brilliance
 l - a potion of cancellation
 r - a potion of haste
 u - a potion of curing
Books
 c - a book of Maledictions

   Spells                             Type                      Level
   a - Corona                         Hexes                        1
   b - Ensorcelled Hibernation        Hexes/Ice                    2
   c - Confuse                        Hexes                        3
   d - Tukima's Dance                 Hexes                        3
   e - Dazzling Spray                 Conjuration/Hexes            3
Comestibles
 w - a meat ration
 x - a slice of pizza
 z - 3 fruits
 D - 3 bread rations


   Skills:
 + Level 3.5(3.3) Short Blades
 + Level 4.4(4.2) Dodging
 + Level 6.3(6.1) Stealth
 + Level 3.4(3.2) Spellcasting
 * Level 4.8(4.6) Hexes
 + Level 4.3(4.1) Evocations


You had 4 spell levels left.
You knew the following spells:

 Your Spells              Type           Power        Failure   Level  Hunger
a - Corona                Hex            ###....      3%          1    #......
b - Ensorcelled Hibernat  Hex/Ice        #.....       12%         2    ##.....
c - Confuse               Hex            ###.....     12%         3    ###....
d - Dazzling Spray        Conj/Hex       #.....       24%         3    ###....


Dungeon Overview and Level Annotations

Branches:
Dungeon (6/15)
 Temple: D:4-7

Altars:
Cheibriados
Dithmenos
Gozag
Kikubaaqudgha
Vehumet
Yredelemnul
The Shining One

Annotations:
D:6 exclusion: dart slug, Guenter's ghost, novice FoFi


Innate Abilities, Weirdness & Mutations

You are resistant to damage.
You can recharge devices by infusing magical energy.
You passively map a small area around you.
You do not regenerate naturally.


Message History

A black bear comes into view.
The crimson imp shouts!
The crimson imp blinks!
The black bear growls angrily.
You hear an angry buzzing noise.
The black bear barely misses you. x2; The black bear misses you.
The black bear bites you.
The black bear claws you but does no damage.
The black bear barely misses you. The black bear misses you.
The black bear barely misses you. The black bear claws you.
* * * LOW HITPOINT WARNING * * *
The black bear barely misses you. The black bear misses you.
The black bear completely misses you. The black bear bites you.
* * * LOW HITPOINT WARNING * * *
The black bear closely misses you. The black bear misses you.
The black bear bites you.
* * * LOW HITPOINT WARNING * * *
The black bear claws you. x2
You die...

> * * ### #.. .., , *
, #.# #.# ** , #.# #.#
* * * #.# #.#, ,, , *
* #.# #.#* * * #.#
#5#######.,### #@#
#.........,#..
#.###h###..### , #.#
#....5..5....####.##.#
#####.............##.#
#####..#.#######.#
#..#.##### #.#
#..#.....###.#
#..#.###.##... #....#
#.##...


You could see a black bear and a crimson imp.

Vanquished Creatures
  Duvessa (D:5)
  Edmund (D:4)
  2 ogres (D:4)
  A centaur (D:6)
  A scorpion (D:4)
  A wight (D:6)
  A howler monkey (D:5)
  A crimson imp (D:5)
  A jelly (D:5)
  A hound (D:4)
  An orc priest (D:5)
  Terence (D:1)
  2 iguanas
  3 worker ants
  A sheep (D:5)
  A hound skeleton (D:4)
  2 worker ant zombies
  Robin (D:4)
  3 gnolls (D:2)
  8 adders
  3 oozes
  An adder skeleton (D:4)
  3 worms
  2 dart slugs
  9 giant geckos
  11 orcs
  8 bats
  5 giant cockroaches
  16 goblins
  10 hobgoblins
  8 jackals
  10 kobolds
  7 quokkas
  A ball python (D:1)
  A giant newt (D:1)
  2 quokka skeletons (D:4)
  6 rats
137 creatures vanquished.

Notes
Turn   | Place    | Note
-------+----------+-------------------------------------------
     0 | D:1      | AlphabetPasta the Deep Dwarf Enchanter began the quest for the Orb.
     0 | D:1      | Reached XP level 1. HP: 15/15 MP: 3/3
     0 | D:1      | Upgraded the game from 0.19-a0-993-g3130bb9 to 0.19-a0-996-g3cba913
    11 | D:1      | Reached skill level 1 in Short Blades
   161 | D:1      | Reached XP level 2. HP: 5/22 MP: 2/4
   165 | D:1      | Learned a level 2 spell: Ensorcelled Hibernation
   506 | D:1      | Reached XP level 3. HP: 18/28 MP: 2/5
   729 | D:2      | Reached skill level 1 in Evocations
   751 | D:2      | Noticed Terence
   820 | D:1      | Learned a level 3 spell: Confuse
   871 | D:1      | Killed Terence
   871 | D:1      | Reached skill level 4 in Stealth
  1128 | D:2      | Reached XP level 4. HP: 17/36 MP: 2/7
  1201 | D:2      | Upgraded the game from 0.19-a0-996-g3cba913 to 0.19-a0-997-gd62de01
  2116 | D:3      | Reached XP level 5. HP: 36/42 MP: 5/8
  2138 | D:2      | Found an ancient bone altar of Kikubaaqudgha.
  2311 | D:3      | Found a basalt altar of Yredelemnul.
  2577 | D:3      | Found a shadowy altar of Dithmenos.
  3321 | D:4      | Found an opulent altar of Gozag.
  3329 | D:4      | Identified a +3 rod of shadows (12/12) (You found it on level 4 of the Dungeon)
  3336 | D:4      | Learned a level 3 spell: Confuse
  3356 | D:4      | Found a radiant altar of Vehumet.
  3401 | D:4      | Noticed Robin
  3416 | D:4      | Killed Robin
  3456 | D:4      | Reached XP level 6. HP: 17/49 MP: 1/9
  3493 | D:4      | Found a snail-covered altar of Cheibriados.
  3918 | D:4      | Reached skill level 5 in Stealth
  3918 | D:4      | Reached XP level 7. HP: 54/55 MP: 8/11
  3923 | D:4      | Learned a level 3 spell: Dazzling Spray
  4192 | D:5      | Entered Level 5 of the Dungeon
  4293 | D:5      | Noticed Duvessa
  4306 | D:5      | Found a glowing golden altar of the Shining One.
  4513 | D:5      | Noticed Edmund
  4634 | D:4      | Killed Edmund
  4744 | D:5      | Noticed Dowan
  4744 | D:5      | Killed Duvessa
  4748 | D:5      | Noticed Dowan
  4748 | D:5      | Dowan changed into Dowan the sheep
  4758 | D:5      | Killed Dowan the sheep
  4989 | D:5      | Reached XP level 8. HP: 53/62 MP: 9/12
  5174 | D:5      | Reached skill level 6 in Stealth
  5576 | D:6      | Noticed Guenter's ghost (novice FoFi)
  5847 | D:6      | Slain by a black bear

Vault maps used:
D:1:      onia_arrival_handbag, minmay_crystal_room
D:2:      lemuel_upstairs_altar, uniq_terence
D:3:      nicolae_dithmenos_through_a_glass_darkly, lemuel_crystal_altar
D:4:      vehumet_altar_wand_db, kennysheep_little_box, lemuel_doored_altar,
          first_bread, uniq_robin
D:5:      tso_metal_star, serial_corexii_hall, corexii_hall_statues_x,
          corexii_hall_statues_t, corexii_hall_statues_x,
          corexii_hall_statues_u, uniq_edmund, uniq_duvessa
D:6:      kennysheep_slug_shrine

Skill      XL: |  1  2  3  4  5  6  7  8 |
---------------+-------------------------+-----
Short Blades   | 1 2 3 |  3.5
Spellcasting   | 2 3 |  3.4
Evocations     | 1 2 3 4 |  4.3
Stealth        | 4 5 6 |  6.3
Dodging        | 3 4 |  4.4
Hexes          | 3 4 |  4.8

Action                   |  1- 3 |  4- 6 |  7- 9 || total
-------------------------+-------+-------+-------++-------
Melee: Dagger            |    79 |   151 |   151 ||   381
       Rapier            |       |    36 |       ||    36
 Cast: Ensorcelled Hiber |    19 |    61 |    27 ||   107
       Corona            |     2 |       |       ||     2
       Confuse           |     1 |     1 |    10 ||    12
Evoke: Wand              |     2 |     8 |     7 ||    17
  Use: Scroll            |       |    12 |     4 ||    16
       Potion            |       |       |     9 ||     9
 Stab: Sleeping          |    17 |    44 |    18 ||    79
       Confused          |       |     1 |       ||     1
       Distracted        |       |     2 |       ||     2
  Eat: Chunk             |     1 |     9 |     5 ||    15
       Beef jerky        |     1 |       |     1 ||     2
       Bread ration      |       |     1 |       ||     1
       Royal jelly       |       |       |     1 ||     1
       Fruit             |       |       |     1 ||     1
Armor: Robe              |    12 |    20 |    27 ||    59
       Skin              |       |       |    28 ||    28
Dodge: Dodged            |    39 |    98 |   149 ||   286
